 Dungeon Crawl Stone Soup version 0.28-a0-883-gc8d7bad45d (webtiles) character file.

Game seed: 4896514695689599632

65 mcbry74 the Skirmisher (level 4, 0/41 HPs)
             Began as a Hill Orc Fighter on Nov 21, 2021.
             Was a Follower of Uskayaw.
             Slain by a water moccasin (8 damage)
             ... on level 3 of the Dungeon.
             The game lasted 00:05:37 (1544 turns).

mcbry74 the Skirmisher (Hill Orc Fighter)           Turns: 1544, Time: 00:05:38

Health: 0/41       AC:  6    Str: 19    XL:     4   Next: 13%
Magic:  4/4        EV:  9    Int:  8    God:    Uskayaw [*.....]
Gold:   62         SH:  4    Dex: 10    Spells: 3/3 levels left

rFire   . . .      SeeInvis .   a - +0 war axe
rCold   . . .      Faith    .   c - +0 buckler
rNeg    . . .      Spirit   .   b - +0 scale mail
rPois   .          Reflect  .   (no helmet)
rElec   .          Harm     .   (no cloak)
rCorr   .          Rampage  .   (no gloves)
Will    .....                   (no boots)
Stlth   ..........              (no amulet)
HPRegen 0.13/turn               (no ring)
MPRegen 0.09/turn               (no ring)

@: lethally poisoned (0 -> -20)
A: no striking features
a: Renounce Religion, Stomp


You were on level 3 of the Dungeon.
You worshipped Uskayaw.
Uskayaw was noncommittal.
You visited 1 branch of the dungeon, and saw 3 of its levels.

You collected 62 gold pieces.

Inventory:

Hand Weapons
 a - a +0 war axe (weapon)
Armour
 b - a +0 scale mail (worn)
 c - a +0 buckler (worn)
Scrolls
 e - a scroll of fear {unknown}
 g - a scroll of teleportation {unknown}
 i - a scroll of noise {unknown}
 j - a scroll of enchant weapon {unknown}
 k - a scroll of magic mapping {unknown}
 m - a scroll of summoning {unknown}
Potions
 d - a potion of might
 f - a potion of lignification {unknown}
 h - a potion of resistance {unknown}
 l - a potion of invisibility {unknown}


   Skills:
 + Level 4.8 Fighting
 + Level 4.4 Axes
 - Level 3.2 Armour
 - Level 3.2 Shields


You had 3 spell levels left.
You didn't know any spells.
Your spell library was empty.

Dungeon Overview and Level Annotations

Branches:
Dungeon (3/15)

Altars:
Uskayaw

Shops:
D:2 *


Message History

You can now pass through a line of other dancers.
You hit the water moccasin.
The water moccasin is almost dead.
The water moccasin bites you.
You closely miss the water moccasin.
The water moccasin is almost dead.
You block the water moccasin's attack.
The water moccasin bites you but does no damage.
You closely miss the water moccasin.
The water moccasin is almost dead.
The water moccasin bites you but does no damage.
The water moccasin bites you.
You closely miss the water moccasin.
The water moccasin is almost dead.
The water moccasin barely misses you. You block the water moccasin's attack.
You barely miss the water moccasin.
The water moccasin is almost dead.
The water moccasin closely misses you.
The water moccasin bites you but does no damage.
You closely miss the water moccasin.
The water moccasin is almost dead.
The water moccasin barely misses you.
You barely miss the water moccasin.
The water moccasin is almost dead.
The water moccasin barely misses you. The water moccasin bites you!
You are poisoned.
The water moccasin poisons you!
You can no longer pass through a line of other dancers.
You closely miss the water moccasin.
The water moccasin is almost dead.
You feel very sick. The water moccasin bites you. x2
You are lethally poisoned!
The water moccasin poisons you!
You barely miss the water moccasin.
The water moccasin is almost dead.
* * * LOW HITPOINT WARNING * * *
You feel extremely sick. The water moccasin bites you!
You die...

####
#@S#
#...#
##.+#
##


You could see a water moccasin.

Vanquished Creatures
  An adder (D:2)
  2 worms (D:2)
  3 dart slugs (D:2)
  3 endoplasms
  A giant cockroach (D:1)
  5 goblins
  5 hobgoblins
  2 quokkas (D:1)
  5 ball pythons
  5 bats
  A frilled lizard (D:1)
  4 kobolds
  4 rats
41 creatures vanquished.

Notes
Turn   | Place    | Note
-------+----------+-------------------------------------------
     0 | D:1      | mcbry74 the Hill Orc Fighter began the quest for the Orb.
     0 | D:1      | Reached XP level 1. HP: 19/19 MP: 1/1
   573 | D:1      | Reached XP level 2. HP: 27/27 MP: 2/2
  1007 | D:2      | Reached XP level 3. HP: 34/34 MP: 3/3
  1047 | D:2      | Found Fofroyfe's General Store.
  1269 | D:2      | Found a faded altar of an unknown god.
  1287 | D:2      | Prayed at the altar of an unknown god.
  1287 | D:2      | Became a worshipper of Uskayaw the Reveller
  1287 | D:2      | Reached * piety under Uskayaw
  1312 | D:2      | Reached ** piety under Uskayaw
  1314 | D:2      | Reached XP level 4. HP: 41/41 MP: 4/4
  1532 | D:3      | Noticed a water moccasin
  1544 | D:3      | Slain by a water moccasin

Illustrated notes

Levels and vault maps discovered:
D:1:      dpeg_arrival_yet_another_circle, layout_basic
D:2:      layout_rooms, ebering_ecumenical_altar_webs, serial_shops, shop_statue
D:3:      layout_rooms, mainiacjoe_overflow_alcove_4, serial_shops,
          nicolae_shop_trees, serial_curves, eino_curves_01, eino_curves_04,
          gup_sewer_entry_glass, grunt_ministairs_6, uniq_ijyb, uniq_natasha

Skill      XL: |  1  2  3 |
---------------+----------+-----
Axes           | 3 4 |  4.4
Fighting       | 4 |  4.8
Armour         | |  3.2
Shields        | |  3.2

Action                   |  1- 3 |  4- 6 || total
-------------------------+-------+-------++-------
Melee: War axe           |    85 |    16 ||   101
Armor: Scale mail        |    41 |     6 ||    47
Dodge: Dodged            |    38 |     6 ||    44
Block: Buckler           |    23 |     4 ||    27

Table legend: (Time is in decaauts)
 A = Elapsed time spent in this place.
 B = Non-inter-level travel time spent in this place.
 C = Inter-level travel time spent in this place.
 D = Time resting spent in this place.
 E = Time spent auto-exploring this place.
 F = Levels seen in this place.
 G = Mean time per level.
                   A        B        C        D        E       F      G
               +--------+--------+--------+--------+--------+-----+--------+
         Total |   1576 |   1521 |     55 |    180 |   1041 |   3 |  525.3 |
       Dungeon |   1576 |   1521 |     55 |    180 |   1041 |   3 |  525.3 |
               +--------+--------+--------+--------+--------+-----+--------+

Top non-repeatable levels by time:
     D:1: 1017 daAuts
     D:2: 544 daAuts
     D:3: 14 daAuts
